 Dungeon Crawl Stone Soup version 0.26.0-7-g794d0892b4 (webtiles) character file.

Game seed: 9861439923598928602

78 oldmanjim the Charlatan (level 4, -1/25 HPs)
             Began as a Deep Elf Artificer on Jan 10, 2021.
             Slain by a jackal (3 damage)
             ... on level 2 of the Dungeon on Jan 11, 2021.
             The game lasted 00:27:41 (3402 turns).

oldmanjim the Charlatan (Deep Elf Artificer)        Turns: 3402, Time: 00:27:43

Health: -1/25      AC:  3    Str: 10    XL:     4   Next: 15%
Magic:  6/6        EV: 12    Int: 16    God:
Gold:   69         SH:  4    Dex: 15    Spells: 3/3 levels left

rFire    . . .     SeeInvis .   a - +0 dagger
rCold    . . .     Faith    .   o - +0 buckler
rNeg     . . .     Spirit   .   b - +0 leather armour
rPois    .         Reflect  .   (no helmet)
rElec    .         Harm     .   (no cloak)
rCorr    .         Rampage  .   (no gloves)
Will     .....                  (no boots)
Stlth    ++........             (no amulet)
HPRegen  0.08/turn              (no ring)
MPRegen  0.10/turn              (no ring)

@: no status effects
A: no striking features
a: no special abilities


You were on level 2 of the Dungeon.
You visited 1 branch of the dungeon, and saw 2 of its levels.

You collected 69 gold pieces.

Inventory:

Hand Weapons
 a - a +0 dagger (weapon)
 h - a +0 club
 l - a +0 mace
Missiles
 p - 76 stones
 r - 7 atropa-tipped darts
Armour
 b - a +0 leather armour (worn)
 k - a +0 ring mail
 o - a +0 buckler (worn)
Wands
 c - a wand of flame (1) (quivered)
 d - a wand of enslavement (15)
 e - a wand of random effects (15)
Scrolls
 f - a scroll of remove curse {unknown}
 i - a scroll of fog {unknown}
 j - 3 scrolls of identify {unknown}
 q - a scroll of teleportation {unknown}
 t - a scroll of enchant armour {unknown}
 u - a scroll of immolation {unknown}
 v - a scroll of amnesia {unknown}
 w - a scroll of magic mapping {unknown}
Potions
 g - 2 potions of cancellation {unknown}
 m - 2 potions of mutation {unknown}
 n - a potion of curing {unknown}
 s - a potion of resistance {unknown}


   Skills:
 - Level 1.0 Fighting
 - Level 0.7 Armour
 + Level 3.2 Dodging
 + Level 2.5 Stealth
 + Level 0.9 Shields
 * Level 4.3 Evocations


You had 3 spell levels left.
You didn't know any spells.
Your spell library was empty.

Dungeon Overview and Level Annotations

Branches:
Dungeon (2/15)

Altars:


Message History

The jackal bites you but does no damage.
The gnoll hits you with a +0 flail.
* * * LOW HITPOINT WARNING * * *
You block the jackal's attack. The jackal bites you.
* * * LOW HITPOINT WARNING * * *
The jackal barely misses you.
Aiming: Throw Flame
Press: ? - help, Q - select action, (/) - cycle Shift-Dir - straight line, f - jackal
Aim: a jackal (33% to evade)
The puff of flame misses the jackal.
The jackal bites you but does no damage.
You block the jackal's attack.
Aiming: Throw Flame
Press: ? - help, Q - select action, (/) - cycle Shift-Dir - straight line, f/p - jackal
Aim: a jackal (33% to evade)
The puff of flame hits the jackal.
The jackal is severely wounded.
The jackal bites you.
You die...

### #.# ##.# ## ..#
#.####..# #. #.#
###......## #. #.#
#######...###### #. . #.#
#.......#.# #.
...###.######.#######.# ##.
.......)(...#.## #.# #..
.#######..#.g..######†#
##.#
##...##hh@...#.########...
##...#######..............
##..#..########.######....#
#..###.....# #.#####..####
#.## #####.# #.##.....#
#...# #.## #.##....## ##.##
#..###.##...## ..
##...#.##...# # ..#
###.#.##..)# #


You could see a gnoll and 2 jackals.

Vanquished Creatures
  2 adders (D:2)
  An ooze (D:2)
  2 worms (D:2)
  2 dart slugs
  2 goblins (D:1)
  6 hobgoblins
  4 jackals
  A quokka (D:2)
  8 bats
  5 frilled lizards
  7 kobolds
  7 rats (D:1)
47 creatures vanquished.

Notes
Turn   | Place    | Note
-------+----------+-------------------------------------------
     0 | D:1      | oldmanjim the Deep Elf Artificer began the quest for the
                  | Orb.
     0 | D:1      | Reached XP level 1. HP: 11/11 MP: 3/3
   313 | D:1      | Reached skill level 1 in Fighting
   351 | D:1      | Reached XP level 2. HP: 13/16 MP: 4/4
  1505 | D:1      | Upgraded the game from 0.26.0-3-g156281e41b to
                  | 0.26.0-7-g794d0892b4
  1754 | D:1      | Reached XP level 3. HP: 9/20 MP: 5/5
  1930 | D:1      | Reached skill level 4 in Evocations
  2972 | D:2      | Reached XP level 4. HP: 14/25 MP: 6/6
  3402 | D:2      | Slain by a jackal

Illustrated notes

Levels and vault maps discovered:
D:1:      minmay_arrival_up_and_down, layout_loops_ring
D:2:      layout_rooms

Skill      XL: |  1  2  3 |
---------------+----------+-----
Fighting       | 1 |  1.0
Stealth        | 2 |  2.5
Evocations     | 4 |  4.3
Dodging        | 3 |  3.2
Armour         | |  0.7
Shields        | |  0.9

Action                   |  1- 3 |  4- 6 || total
-------------------------+-------+-------++-------
Melee: Club              |    19 |       ||    19
       Mace              |    24 |       ||    24
       Dagger            |   173 |    41 ||   214
Evoke: Wand              |    12 |     2 ||    14
 Stab: Sleeping          |     3 |     1 ||     4
Armor: Leather armour    |    46 |    11 ||    57
Dodge: Dodged            |   156 |    27 ||   183
Block: Buckler           |    22 |    10 ||    32
